 Dungeon Crawl Stone Soup version 0.30-a0-297-g0ec75d9ef4 (webtiles) character file.

Game seed: 18074925606077093824

113 Mgcat the Digger (level 5, 0/38 HPs)
             Began as a Meteoran Earth Elementalist on Oct 19, 2022.
             Slain by a gnoll
             ... wielding a +0 whip
              (9 damage)
             ... on level 3 of the Dungeon.
             The game lasted 00:01:19 (699 turns).

Mgcat the Digger (Meteoran Earth Elementalist)       Turns: 699, Time: 00:01:20

Health: 0/38       AC:  3    Str: 10    XL:     5   Next: 41%
Magic:  0/12       EV: 12    Int: 18    God:
Gold:   93         SH:  0    Dex: 14    Spells: 11/12 levels left

rFire   . . .      SeeInvis .    g - +0 club
rCold   . . .      Faith    .    (no shield)
rNeg    . . .      Spirit   .    a - +0 robe
rPois   .          Reflect  .    (no helmet)
rElec   .          Harm     .    (no cloak)
rCorr   .          Rampage  .    (no gloves)
Will    .....                    e - +0 pair of boots
Stlth   +.........               (no amulet)
HPRegen 0.26/turn                (no ring)
MPRegen 0.13/turn                (no ring)

@: glowing
A: sense surroundings 1, otherworldly, glowing, explore regen
a: no special abilities


You were on level 3 of the Dungeon.
You visited 1 branch of the dungeon, and saw 3 of its levels.

You collected 93 gold pieces.

Inventory:

Hand Weapons
 g - a +0 club (weapon)
   (You took it off a kobold on level 1 of the Dungeon)
Armour
 a - a +0 robe (worn)
 e - a +0 pair of boots (worn)
   (You found it on level 1 of the Dungeon)
Scrolls
 h - a scroll of identify {unknown}
 i - 2 scrolls of fog {unknown}
 l - 3 scrolls of poison {unknown}
 m - a scroll of teleportation {unknown}
Potions
 b - a potion of magic
 c - a potion of curing {unknown}
 d - a potion of degeneration {unknown}
 f - a potion of flight {unknown}
 j - a potion of heal wounds {unknown}
 k - a potion of mutation {unknown}


   Skills:
 - Level 2.4 Dodging
 + Level 2.5 Stealth
 + Level 4.1 Spellcasting
 - Level 1.2 Transmutations
 + Level 4.8 Earth Magic


You had 11 spell levels left.
You knew the following spells:

 Your Spells              Type           Power      Damage    Failure   Level
a - Sandblast             Erth           42%        2d11      1%          1

Your spell library contained the following spells:

 Spells                   Type           Power      Damage    Failure   Level
 Passwall                 Tmut/Erth      11%        N/A       6%          2
 Stone Arrow              Conj/Erth      24%        3d8       16%         3
 Ensorcelled Hibernation  Hex/Ice        6%         N/A       22%         2
 Petrify                  Tmut/Erth      14%        N/A       38%         4
 Swiftness                Air            3%         N/A       41%         3


Dungeon Overview and Level Annotations

Branches:
Dungeon (3/15) Zot: 1085

Altars:


Innate Abilities, Weirdness & Mutations

You passively map a small area around you.
You are easily found by Zot.
You glow in the dark.
You regain HP and MP as you explore.


Message History

Spoiler Alert: The gnoll (wandering) can hit for moderate damage in melee, and throws nets!
There is a stone staircase leading up here.
Spoiler Alert: The gnoll can hit for moderate damage in melee, and throws nets!
Casting: Sandblast (safe; 2% risk of failure)
Confirm with . or Enter, or press ? or * to list all spells.
Aiming: Sandblast (safe; 2% risk of failure)
Press: ? - help, Shift-Dir - straight line, f/p - necrophage
Aim: a necrophage (moderately damaged, 82% to hit)
The blast of sand hits the gnoll!
The gnoll is almost dead.
The gnoll hits you with a +0 flail!
You take 8 damage, and have 18/26 hp.
MASSIVE DAMAGE!!
You now have 6/8 mp.
Spoiler Alert: The gnoll can hit for moderate damage in melee, and throws nets!
Casting: Sandblast (safe; 2% risk of failure)
Confirm with . or Enter, or press ? or * to list all spells.
Aiming: Sandblast (safe; 2% risk of failure)
Press: ? - help, Shift-Dir - straight line, f/p - necrophage
Aim: a necrophage (moderately damaged, 82% to hit)
The blast of sand hits the gnoll!
You kill the gnoll!
The necrophage hits you.
You feel drained.
Your life force feels restored.
You have reached level 4!
You take 3 damage, and have 15/33 hp.
You now have 5/10 mp.
Casting: Sandblast (safe; 2% risk of failure)
Confirm with . or Enter, or press ? or * to list all spells.
Aiming: Sandblast (safe; 2% risk of failure)
Press: ? - help, Shift-Dir - straight line, f/p - necrophage
Aim: a necrophage (moderately damaged, 82% to hit)
The blast of sand hits the necrophage!
The necrophage is almost destroyed.
The necrophage hits you.
You feel drained.
You take 5 damage, and have 10/32 hp.
You now have 4/10 mp.
Casting: Sandblast (safe; 2% risk of failure)
Confirm with . or Enter, or press ? or * to list all spells.
Aiming: Sandblast (safe; 2% risk of failure)
Press: ? - help, Shift-Dir - straight line, f/p - necrophage
Aim: a necrophage (almost destroyed, 82% to hit)
The blast of sand hits the necrophage!
You destroy the necrophage!
Your life force feels restored.
Your Spellcasting skill increases to level 4!
You have reached level 5!
You regained 2 hp, and now have 12/38 hp.
You now have 3/12 mp.
Things that are here:
a +0 flail; a gnoll corpse
There is a stone staircase leading up here.
A gnoll comes into view. It is wielding a +0 club.
The gnoll shouts!
You see here a +0 club.
You regained 6 hp, and now have 18/38 hp.
Spoiler Alert: The gnoll can hit for moderate damage in melee, and throws nets!
Casting: Sandblast (safe; 1% risk of failure)
Confirm with . or Enter, or press ? or * to list all spells.
Aiming: Sandblast (safe; 1% risk of failure)
Press: ? - help, Shift-Dir - straight line, f - gnoll
Aim: a gnoll, wielding a +0 club (85% to hit)
The blast of sand hits the gnoll!
The gnoll is severely wounded.
You now have 3/12 mp.
Spoiler Alert: The gnoll can hit for moderate damage in melee, and throws nets!
Casting: Sandblast (safe; 1% risk of failure)
Confirm with . or Enter, or press ? or * to list all spells.
Aiming: Sandblast (safe; 1% risk of failure)
Press: ? - help, Shift-Dir - straight line, f/p - gnoll
Aim: a gnoll, wielding a +0 club (severely wounded, 85% to hit)
The blast of sand hits the gnoll.
The gnoll is almost dead.
The gnoll hits you with a +0 club.
A gnoll comes into view. It is wielding a +0 whip.
You take 5 damage, and have 14/38 hp.
Warning x2: The gnoll (wandering) can hit for moderate damage in melee, and throws nets!
The gnoll can hit for moderate damage in melee, and throws nets!
Casting: Sandblast (safe; 1% risk of failure)
Confirm with . or Enter, or press ? or * to list all spells.
Aiming: Sandblast (safe; 1% risk of failure)
Press: ? - help, Shift-Dir - straight line, f/p - gnoll
Aim: a gnoll, wielding a +0 club (almost dead, 85% to hit)
The blast of sand misses the gnoll.
The gnoll hits you with a +0 club.
* * * LOW HITPOINT WARNING * * *
You take 5 damage, and have 9/38 hp.
You now have 2/12 mp.
Warning x2: The gnoll can hit for moderate damage in melee, and throws nets! x2
Casting: Sandblast (safe; 1% risk of failure)
Confirm with . or Enter, or press ? or * to list all spells.
Aiming: Sandblast (safe; 1% risk of failure)
Press: ? - help, Shift-Dir - straight line, f/p - gnoll
Aim: a gnoll, wielding a +0 club (almost dead, 85% to hit)
The blast of sand hits the gnoll!
You kill the gnoll!
You now have 1/12 mp.
Spoiler Alert: The gnoll can hit for moderate damage in melee, and throws nets!
Casting: Sandblast (safe; 1% risk of failure)
Confirm with . or Enter, or press ? or * to list all spells.
Aiming: Sandblast (safe; 1% risk of failure)
Press: ? - help, Shift-Dir - straight line, f - gnoll
Aim: a gnoll, wielding a +0 whip (85% to hit)
The blast of sand hits the gnoll.
The gnoll is moderately wounded.
The gnoll hits you with a +0 whip!
You die...

, , * ** , ,, ,
## , , ..* ,,,
#. #######.# #.
#.......#
#g###.########
#.@..<........*
####.########.*
#)# * #.# * *
#.## ##, *
#..###.#.#
###...#..# , **
#8.⌠..# * , ,
######..⌠.#


You could see a gnoll.

Vanquished Creatures
  A necrophage (D:3)
  3 gnolls (D:3)
  An adder (D:2)
  2 endoplasms
  2 giant cockroaches
  A goblin (D:2)
  2 hobgoblins (D:2)
  2 kobolds
  3 bats (D:1)
  2 rats
19 creatures vanquished.

Notes
Turn   | Place    | Note
-------+----------+-------------------------------------------
     0 | D:1      | Mgcat the Meteoran Earth Elementalist began the quest for
                  | the Orb.
     0 | D:1      | Reached XP level 1. HP: 14/14 MP: 5/5
   173 | D:1      | Reached XP level 2. HP: 20/20 MP: 4/6
   305 | D:1      | Reached skill level 3 in Spellcasting
   555 | D:2      | Reached skill level 4 in Earth Magic
   555 | D:2      | Reached XP level 3. HP: 26/26 MP: 5/8
   653 | D:3      | Found a faded altar of an unknown god.
   676 | D:3      | Reached skill level 2 in Stealth
   677 | D:3      | Noticed a necrophage
   686 | D:3      | Reached XP level 4. HP: 15/33 MP: 5/10
   687 | D:3      | Killed a necrophage
   688 | D:3      | Reached skill level 4 in Spellcasting
   688 | D:3      | Reached XP level 5. HP: 12/38 MP: 3/12
   697 | D:3      | HP: 9/38 [gnoll/+0 club (6)]
   699 | D:3      | Slain by a gnoll

Illustrated notes

Levels and vault maps discovered:
D:1:      dpeg_arrival_erosion, layout_loops_cross,
          hangedman_abyss_or_decor_stabs, minmay_bisected
D:2:      layout_loops_cross, basic_altar, serial_park_tiny_pond,
          grunt_ministairs_8, uniq_sigmund
D:3:      layout_basic, mainiacjoe_overflow_boulevard,
          shapermc_ecumenical_altar_venn, hangedman_decor_riveting,
          kennysheep_generic_room_2

Skill      XL: |  1  2  3  4 |
---------------+-------------+-----
Spellcasting   | 3 4 |  4.1
Earth Magic    | 4 |  4.8
Stealth        | 2 |  2.5
Dodging        | |  2.4
Transmutations | |  1.2

Action                   |  1- 3 |  4- 6 || total
-------------------------+-------+-------++-------
 Cast: Sandblast         |    24 |     7 ||    31
Armor: Robe              |     3 |       ||     3
Dodge: Dodged            |     1 |       ||     1

Table legend: (Time is in decaauts)
 A = Elapsed time spent in this place.
 B = Non-inter-level travel time spent in this place.
 C = Inter-level travel time spent in this place.
 D = Time resting spent in this place.
 E = Time spent auto-exploring this place.
 F = Levels seen in this place.
 G = Mean time per level.
                   A        B        C        D        E       F      G
               +--------+--------+--------+--------+--------+-----+--------+
         Total |    713 |    686 |     27 |      0 |    575 |   3 |  237.7 |
       Dungeon |    713 |    686 |     27 |      0 |    575 |   3 |  237.7 |
               +--------+--------+--------+--------+--------+-----+--------+

Top non-repeatable levels by time:
     D:1: 337 daAuts
     D:2: 305 daAuts
     D:3: 70 daAuts

Table legend:
 A = Kills in this place as a percentage of kills in entire the game.
 B = Kills by you in this place as a percentage of kills by you in the entire game.
 C = Kills by friends in this place as a percentage of kills by friends in the entire game.
 D = Other kills in this place as a percentage of other kills in the entire game.
 E = Experience gained in this place as a percentage of experience gained in the entire game.
 F = Experience gained in this place divided by the number of levels of this place that you have seen.
                   A       B       C       D       E      F
               +-------+-------+-------+-------+-------+----------------------
         Total | 100.0 | 100.0 |   N/A |   N/A | 100.0 |  54.0
       Dungeon | 100.0 | 100.0 |   N/A |   N/A | 100.0 |  54.0
               +-------+-------+-------+-------+-------+----------------------
